 Dungeon Crawl Stone Soup version 0.29.1-12-g30fa7ad0bf (webtiles) character file.

Game seed: 16858803703343887601

19 hawla the Chiller (level 3, -2/26 HPs)
             Began as a Meteoran Ice Elementalist on Jan 14, 2023.
             Slain by a gnoll
             ... wielding a +0 flail
              (12 damage)
             ... on level 2 of the Dungeon.
             The game lasted 00:01:53 (375 turns).

hawla the Chiller (Meteoran Ice Elementalist)        Turns: 375, Time: 00:01:55

Health: -2/26      AC:  2    Str: 10    XL:     3   Next: 11%
Magic:  4/8        EV: 12    Int: 18    God:
Gold:   18         SH:  0    Dex: 14    Spells: 4/8 levels left

rFire   . . .      SeeInvis .   (no weapon)
rCold   . . .      Faith    .   (no shield)
rNeg    . . .      Spirit   .   a - +0 robe
rPois   .          Reflect  .   (no helmet)
rElec   .          Harm     .   (no cloak)
rCorr   .          Rampage  .   (no gloves)
Will    .....                   (no boots)
Stlth   +.........              (no amulet)
HPRegen 0.08/turn               (no ring)
MPRegen 0.11/turn               (no ring)

@: freezing walls, glowing
A: sense surroundings 1, otherworldly, glowing, explore regen
a: no special abilities


You were on level 2 of the Dungeon.
You visited 1 branch of the dungeon, and saw 2 of its levels.

You collected 18 gold pieces.

Inventory:

Armour
 a - a +0 robe (worn)
Scrolls
 b - a scroll of amnesia {unknown}
Potions
 c - 2 potions of degeneration {unknown}


   Skills:
 + Level 2.5 Dodging
 - Level 1.4 Stealth
 + Level 3.1 Spellcasting
 + Level 4.9 Ice Magic


You had 4 spell levels left.
You knew the following spells:

 Your Spells              Type           Power      Damage    Failure   Level
a - Freeze                Ice            80%        1d9       1%          1
b - Frozen Ramparts       Ice            40%        1d7       6%          3

Your spell library contained the following spells:

 Spells                   Type           Power      Damage    Failure   Level
 Ozocubu's Armour         Ice            20%        N/A       6%          3
 Hailstorm                Conj/Ice       11%        3d5       50%         4


Dungeon Overview and Level Annotations

Branches:
Dungeon (2/15) Zot: 824

Altars:


Innate Abilities, Weirdness & Mutations

You passively map a small area around you.
You are easily found by Zot.
You glow in the dark.
You regain HP and MP as you explore.


Message History

Aim: a bat You freeze the bat.
The bat is moderately wounded.
The bat hits you but does no damage. x2
Unknown command.
Casting: Freeze (safe; 2% risk of failure)
Confirm with . or Enter, or press ? or * to list all spells.
Aiming: Freeze (safe; 2% risk of failure)
Press: ? - help, Shift-Dir - straight line, f/p - bat
Aim: a bat (moderately wounded)
You freeze the bat.
You kill the bat!
Unknown command.
You see here a bat corpse.
A gnoll comes into view. It is wielding a +0 flail.
A gnoll comes into view. It is wielding a +0 halberd.
The gnoll shouts!
You hear an angry hiss.
A dart slug comes into view.
Found a pink potion.
The gnoll barely misses you.
Casting: Freeze (safe; 1% risk of failure)
Confirm with . or Enter, or press ? or * to list all spells.
The spell is quite dangerous to miscast (6% risk of failure)!
Continue anyway?
Casting: Frozen Ramparts (quite dangerous; 6% risk of failure)
Press: ? - help, Dir - look around, f - activate The walls around you are covered in ice.
The wall freezes the gnoll.
The gnoll hits you with a +0 halberd!
Ouch! That really hurt!
The wall freezes the gnoll.
The gnoll barely misses you.
Unknown command.
Casting: Frozen Ramparts (quite dangerous; 6% risk of failure)
Confirm with . or Enter, or press ? or * to list all spells.
Aiming: Freeze (safe; 1% risk of failure)
Press: ? - help, Shift-Dir - straight line, f - gnoll
Aim: a gnoll, wielding a +0 flail (lightly wounded)
You freeze the gnoll.
The gnoll is severely wounded.
The wall freezes the gnoll.
The gnoll closely misses you.
The wall freezes the gnoll.
The gnoll hits you with a +0 flail!
You die...

, , , ,, , * * * , , .
, ....... * .. * ,,
w....... * #. ......!.
#. ,,.......,
#..####..... ,,* ** ,
, , #..g.#..#####, *
#@g....... , * , ,
##.)..##. , ,, ,
,###....#*, ######## ,
* #......# #....... ,
, *
#..##†..#####.###### *
#8..8#)...........# #
, ,
#.......##...##.##.###
,
#..>............##....
##8..8#####..#########


You could see 2 gnolls.

Vanquished Creatures
  2 endoplasms
  2 giant cockroaches (D:1)
  2 goblins
  A hobgoblin (D:1)
  3 jackals (D:1)
  4 bats
  2 kobolds
  A rat (D:1)
17 creatures vanquished.

Notes
Turn   | Place    | Note
-------+----------+-------------------------------------------
     0 | D:1      | hawla the Meteoran Ice Elementalist began the quest for the
                  | Orb.
     0 | D:1      | Reached XP level 1. HP: 14/14 MP: 5/5
    35 | D:1      | Reached XP level 2. HP: 12/20 MP: 0/6
   147 | D:2      | Reached XP level 3. HP: 23/26 MP: 6/8
   332 | D:2      | Learned a level 3 spell: Frozen Ramparts
   375 | D:2      | Slain by a gnoll

Illustrated notes

Levels and vault maps discovered:
D:1:      erik_arrival_blinker_ship, layout_basic,
          chequers_ecumenical_altar_simple_redux
D:2:      layout_basic, amethyst_killhole, dreamdust_wishing_well, st_stairs_6,
          nicolae_elevator_lobby_plus

Skill      XL: |  1  2 |
---------------+-------+-----
Spellcasting   | 3 |  3.1
Dodging        | |  2.5
Stealth        | |  1.4
Ice Magic      | |  4.9

Action                   || total
-------------------------++-------
Melee: Unarmed           ||    10
 Cast: Freeze            ||    27
       Frozen Ramparts   ||     1
  Use: Potion            ||     1
Armor: Robe              ||    28
Dodge: Dodged            ||    45
